 Dungeon Crawl Stone Soup version 0.30.1-11-g7821555f0a (webtiles) character file.

Game seed: 15099364327279672786

785 Ijustatesigmund the Digger (level 7, -12/47 (51) HPs)
             Began as a Gnoll Earth Elementalist on Dec 1, 2023.
             Mangled by an orc warrior
             ... wielding a +1 flail of draining
              (13 damage)
             ... on level 5 of the Dungeon.
             The game lasted 00:15:20 (4659 turns).

Ijustatesigmund the Digger (GnEE)                   Turns: 4659, Time: 00:15:21

HP:   -12/47 (51)   AC:  5    Str:  8    XL:     7   Next: 86%
MP:   15/15         EV: 13    Int: 16    God:
Gold: 8             SH:  0    Dex: 12    Spells: 11/17 levels left

rFire   . . .        B - +4 dire flail (heavy)
rCold   . . .        (shield currently unavailable)
rNeg    . . .        a - +0 robe
rPois   +            (no helmet)
rElec   .            d - +0 cloak
rCorr   .            q - +1 pair of gloves
SInv    .            (no boots)
Will    .....        A - amulet of regeneration
Stlth   +++          y - ring of poison resistance
HPRegen 1.07/turn    (no ring)
MPRegen 0.14/turn

%: no passive effects
@: drained
A: fangs 1, strong nose, distributed training
a: no special abilities


You were on level 5 of the Dungeon.
You visited 1 branch of the dungeon, and saw 8 of its levels.

You collected 270 gold pieces.
You spent 262 gold pieces at shops.

Inventory:

Hand Weapons
 e - a +0 morningstar
 B - a +4 heavy dire flail (weapon)
Missiles
 g - a curare-tipped dart
 D - a throwing net
Armour
 a - a +0 robe (worn)
 d - a +0 cloak (worn)
 q - a +1 pair of gloves (worn)
Jewellery
 f - an amulet of reflection
 h - an amulet of magic regeneration
 t - an amulet of the acrobat
 y - a ring of poison resistance (left hand)
 A - an amulet of regeneration (around neck)
Scrolls
 i - 3 scrolls of vulnerability {unknown}
 k - a scroll of acquirement {unknown}
 l - 2 scrolls of summoning {unknown}
 m - a scroll of fear {unknown}
 n - 9 scrolls of identify
 o - a scroll of blinking {unknown}
 r - a scroll of enchant weapon {unknown}
 u - 2 scrolls of teleportation
 v - 2 scrolls of amnesia {unknown}
 z - a scroll of silence {unknown}
 C - a scroll of brand weapon {unknown}
Potions
 b - a potion of magic
 c - 2 potions of heal wounds
 j - 4 potions of curing
 p - 2 potions of flight
 s - a potion of resistance
 w - a potion of attraction
 x - a potion of lignification


   Skills:
 + Level 2.8 Fighting
 + Level 2.8 Short Blades
 + Level 2.8 Long Blades
 + Level 2.8 Axes
 + Level 2.8 Maces & Flails
 + Level 2.8 Polearms
 + Level 2.8 Staves
 + Level 2.8 Ranged Weapons
 + Level 2.8 Throwing
 + Level 2.8 Armour
 + Level 5.4 Dodging
 + Level 5.1 Stealth
 + Level 2.8 Shields
 + Level 2.8 Unarmed Combat
 + Level 5.8 Spellcasting
 + Level 2.3 Conjurations
 + Level 2.3 Hexes
 + Level 2.3 Summonings
 + Level 2.3 Necromancy
 + Level 2.3 Translocations
 + Level 3.2 Transmutations
 + Level 2.3 Fire Magic
 + Level 2.3 Ice Magic
 + Level 2.3 Air Magic
 + Level 6.0 Earth Magic
 + Level 2.3 Poison Magic
 + Level 3.1 Invocations
 + Level 2.8 Evocations


You had 11 spell levels left.
You knew the following spells:

 Your Spells              Type           Power      Damage    Failure   Level
a - Sandblast             Erth           46%        2d11      1%          1
b - Stone Arrow           Conj/Erth      36%        3d9       8%          3
c - Passwall              Tmut/Erth      15%        N/A       3%          2

Your spell library contained the following spells:

 Spells                   Type           Power      Damage    Failure   Level
 Wereblood                Tmut           14%        N/A       5%          2
 Static Discharge         Conj/Air       24%        2-3/arc   9%          2
 Sublimation of Blood     Necr           12%        N/A       9%          2
 Ozocubu's Armour         Ice            12%        N/A       16%         3
 Petrify                  Tmut/Erth      19%        N/A       22%         4
 Airstrike                Air            6%         2d(1-17)  47%         4
 Olgreb's Toxic Radiance  Pois           12%        N/A       47%         4
 Summon Lightning Spire   Summ/Air       12%        N/A       47%         4
 Simulacrum               Ice/Necr       6%         N/A       100%        6
 Ozocubu's Refrigeration  Ice            6%         4d8       100%        7
 Summon Hydra             Summ           6%         N/A       100%        7
 Polar Vortex             Ice            6%         N/A       100%        9


Dungeon Overview and Level Annotations

Branches:
Dungeon (8/15)
 Temple: D:4-7         Lair: D:8-11

Altars:
Ashenzari
Cheibriados
Makhleb
Uskayaw

Shops:
D:1 :   D:2 (   D:4 [   D:5 :

Annotations:
D:3 2 transporters, Grinder
D:6 Pikel
D:7 Prince Ribbit


Innate Abilities, Weirdness & Mutations

You have very sharp teeth.
Your uncanny sense of smell can sniff out nearby items.
Your experience applies equally to all skills.


Message History

No target in view!
No target in view!
No target in view!
No target in view!
No target in view!
You climb downwards.
Level annotation: Pikel The bullfrog closely misses you.
The orc barely misses you. The orc hits you with a +0 short sword.
The orc warrior hits you with a +1 flail of draining.
You feel drained.
The bullfrog snags a nearby centipede with its tongue.
The bullfrog hits you.
There is a stone staircase leading up here.
Okay, then.
The bullfrog misses you. The orc barely misses you. The orc closely misses you.
The orc warrior completely misses you.
You climb upwards.
There is a stone staircase leading down here.
You hit the orc warrior but do no damage.
You bite the orc warrior, but do no damage.
The bullfrog hits you. The bullfrog barely misses you.
The orc closely misses you. The orc warrior closely misses you.
The orc hits you with a +0 hand axe.
The bullfrog hits you but does no damage.
The orc warrior hits you with a +1 flail of draining!
You feel drained. The orc barely misses you.
The orc hits you but does no damage.
You hit the orc warrior.
The orc warrior is lightly wounded.
The bullfrog closely misses you. The orc hits you with a +0 hand axe.
The orc barely misses you. The bullfrog misses you.
The orc warrior hits you with a +1 flail of draining!
* * * LOW HITPOINT WARNING * * *
You feel drained.
* * * LOW HITPOINT WARNING * * *
The orc hits you but does no damage. The bullfrog barely misses you.
The orc closely misses you.
The orc warrior hits you with a +1 flail of draining!
You die...

.....# #........# .....#
#........# .....# #........#
.....# #........# .....#
#........# .....# #........#
.....# #........# .....#
##.....o..########## ..####
#.....o@o..........# ..#
#.....F............# ..#
#..................# ..#
#..................#
..########..................###
((..(...#########.............#
).......# #.#####.......#
.)......# #.#####.......#
........# #.##∩##.......#


You could see an orc warrior, a bullfrog and 2 orcs.

Vanquished Creatures
  Edmund (D:5)
  A phantom (D:4)
  2 kobold brigands
  2 scorpions (D:5)
  A gnoll bouda (D:8)
  A hound (D:4)
  A jelly (D:5)
  Jessica (D:3)
  2 iguanas
  An orc wizard (D:5)
  3 gnolls
  4 adders
  A white imp (D:5)
  An ufetubus (D:5)
  3 worms
  A dart slug (D:4)
  An orc (D:5)
  4 ball pythons
  10 endoplasms
  2 giant cockroaches (D:1)
  6 goblins
  5 hobgoblins
  9 jackals
  7 kobolds
  3 quokkas
  4 bats
  3 rats
80 creatures vanquished.

Notes
Turn   | Place    | Note
-------+----------+-------------------------------------------
     0 | D:1      | Ijustatesigmund the Gnoll Earth Elementalist began the
                  | quest for the Orb.
     0 | D:1      | Reached XP level 1. HP: 13/13 MP: 6/6
   143 | D:1      | Reached XP level 2. HP: 19/19 MP: 4/7
   388 | D:1      | Found Hiukhit's Book Shoppe.
   434 | D:1      | Reached skill level 5 in Spellcasting
   434 | D:1      | Reached XP level 3. HP: 25/25 MP: 7/9
   438 | D:1      | Learned a level 3 spell: Stone Arrow
   618 | D:1      | Found a faded altar of an unknown god.
   859 | D:2      | Reached skill level 1 in Invocations
   878 | D:2      | Found Feuzxeme's Weapon Shoppe.
  1202 | D:3      | Noticed Grinder
  1251 | D:4      | Found Soebyx's Vocational Training.
  1358 | D:4      | Reached skill level 1 in Fighting
  1358 | D:4      | Reached skill level 1 in Short Blades
  1358 | D:4      | Reached skill level 1 in Long Blades
  1358 | D:4      | Reached skill level 1 in Axes
  1358 | D:4      | Reached skill level 1 in Maces & Flails
  1358 | D:4      | Reached skill level 1 in Polearms
  1358 | D:4      | Reached skill level 1 in Staves
  1358 | D:4      | Reached skill level 1 in Ranged Weapons
  1358 | D:4      | Reached skill level 1 in Throwing
  1358 | D:4      | Reached skill level 1 in Armour
  1358 | D:4      | Reached skill level 1 in Shields
  1358 | D:4      | Reached skill level 1 in Unarmed Combat
  1358 | D:4      | Reached skill level 1 in Evocations
  1397 | D:4      | Found Hekaor's Antique Armour Emporium.
  1587 | D:4      | Reached XP level 4. HP: 32/32 MP: 9/11
  1859 | D:4      | Reached skill level 1 in Conjurations
  1859 | D:4      | Reached skill level 1 in Hexes
  1859 | D:4      | Reached skill level 1 in Summonings
  1859 | D:4      | Reached skill level 1 in Necromancy
  1859 | D:4      | Reached skill level 1 in Translocations
  1859 | D:4      | Reached skill level 1 in Fire Magic
  1859 | D:4      | Reached skill level 1 in Ice Magic
  1859 | D:4      | Reached skill level 1 in Air Magic
  1859 | D:4      | Reached skill level 1 in Poison Magic
  1959 | D:4      | Identified the +0 robe of Action {rPois Str-3 Stlth+}
  2561 | D:5      | Entered Level 5 of the Dungeon
  2561 | D:5      | Noticed a scorpion
  2561 | D:5      | Noticed a phantom
  2597 | D:4      | Killed a phantom
  2598 | D:4      | Reached XP level 5. HP: 37/38 MP: 10/12
  2674 | D:5      | Found a snail-covered altar of Cheibriados.
  2710 | D:5      | Noticed a kobold brigand
  2723 | D:5      | Killed a kobold brigand
  2724 | D:5      | Reached skill level 5 in Dodging
  2724 | D:5      | Reached XP level 6. HP: 14/44 MP: 11/14
  2838 | D:5      | Noticed Edmund
  2914 | D:3      | Found a transporter.
  2945 | D:3      | Found a hide-covered altar of Uskayaw.
  3028 | D:3      | Found a burning altar of Makhleb.
  3050 | D:3      | Found a broken altar of Ashenzari.
  3348 | D:3      | Found a transporter.
  3378 | D:3      | Noticed Jessica
  3383 | D:3      | Killed Jessica
  3452 | D:4      | Bought a smoking robe for 142 gold pieces
  3452 | D:4      | Identified the +2 robe of the Pits of Slime {-Tele Harm
                  | Str-3 SInv} (You bought it in a shop on level 4 of the
                  | Dungeon)
  3652 | D:5      | Identified the +6 flail "Goblinbane" {flame, rN+ Will+
                  | Dex+4}
  3733 | D:5      | Reached XP level 7. HP: 42/50 MP: 8/15
  3834 | D:5      | You fall into a shaft and drop 3 floors!
  3849 | D:8      | Learned a level 2 spell: Passwall
  4045 | D:7      | Noticed Prince Ribbit
  4280 | D:6      | Noticed Pikel
  4357 | D:5      | Found Cuicargh's Tiny Tomes.
  4361 | D:5      | Bought the Directory of the Queen Bee for 120 gold pieces
  4418 | D:5      | Reached skill level 5 in Stealth
  4471 | D:5      | Killed Edmund
  4619 | D:5      | Reached skill level 6 in Earth Magic
  4659 | D:5      | HP: 1/47 [orc warrior/+1 flail of draining (7)]
  4659 | D:5      | Mangled by an orc warrior

Illustrated notes

Levels and vault maps discovered:
D:1:      dpeg_arrival_lava_temple_mockup, layout_rooms, serial_shops,
          shop_statue, dilly_ecumenical_altar_fadedgnrine
D:2:      layout_basic, serial_shops, shop
D:3:      gammafunk_steamed_eel, layout_basic, grunt_dithmenos_smoke,
          mainiacjoe_overflow_alcove_4, nicolae_ashenzari_skybound,
          eat_drink_and_be_merry_uskayaw, chequers_hall_statues_corner_a,
          uniq_jessica, uniq_grinder
D:4:      kennysheep_big_flooded_room, layout_layer_cave, serial_shops, shop,
          nicolae_shop_vocational
D:5:      layout_gridville, old_standard_altar,
          nicolae_shop_i_like_small_books_too, uniq_edmund
D:6:      hangedman_cross_stitches, layout_rooms, uniq_pikel
D:7:      layout_gridville, minmay_temple_entry_proselytizer, kennysheep_nub,
          chequers_serial_rivers_large_b, uniq_prince_ribbit1,
          uniq_crazy_yiuf_cottage
D:8:      layout_loops_ring

Skill      XL: |  1  2  3  4  5  6  7 |
---------------+----------------------+-----
Transmutations | 2 3 |  3.2
Spellcasting   | 5 |  5.8
Invocations    | 1 2 3 |  3.1
Fighting       | 1 2 |  2.8
Short Blades   | 1 2 |  2.8
Long Blades    | 1 2 |  2.8
Axes           | 1 2 |  2.8
Maces & Flails | 1 2 |  2.8
Polearms       | 1 2 |  2.8
Staves         | 1 2 |  2.8
Ranged Weapons | 1 2 |  2.8
Throwing       | 1 2 |  2.8
Armour         | 1 2 |  2.8
Shields        | 1 2 |  2.8
Unarmed Combat | 1 2 |  2.8
Evocations     | 1 2 |  2.8
Conjurations   | 1 2 |  2.3
Hexes          | 1 2 |  2.3
Summonings     | 1 2 |  2.3
Necromancy     | 1 2 |  2.3
Translocations | 1 2 |  2.3
Fire Magic     | 1 2 |  2.3
Ice Magic      | 1 2 |  2.3
Air Magic      | 1 2 |  2.3
Poison Magic   | 1 2 |  2.3
Dodging        | 5 |  5.4
Stealth        | 5 |  5.1
Earth Magic    | 6 |  6.0

Action                     |  1- 3 |  4- 6 |  7- 9 || total
---------------------------+-------+-------+-------++-------
  Melee: Unarmed           |     3 |       |       ||     3
         Punch             |     1 |       |       ||     1
         Morningstar       |       |     1 |       ||     1
         Dire flail        |       |       |     4 ||     4
         Bite              |       |       |     1 ||     1
   Cast: Sandblast         |    45 |    65 |    16 ||   126
         Stone Arrow       |       |       |     9 ||     9
         Passwall          |       |       |     3 ||     3
    Use: Scroll            |       |       |     9 ||     9
         Potion            |       |       |     1 ||     1
 Armour: Robe              |     2 |     8 |     6 ||    16
  Dodge: Dodged            |     7 |    22 |    42 ||    71
